 Dungeon Crawl Stone Soup version 0.27.1-35-g4d5d836560 (webtiles) character file.

Game seed: 3336076622571154954

4834 Delamore the Slicer (level 10, -1/102 HPs)
             Began as an Octopode Brigand on Apr 28, 2022.
             Was an Initiate of Gozag.
             Slain by a killer bee (5 damage)
             ... on level 7 of the Dungeon.
             The game lasted 00:14:28 (9292 turns).

Delamore the Slicer (Octopode Brigand)              Turns: 9292, Time: 00:14:29

Health: -1/102     AC: 25    Str: 11    XL:     10   Next: 49%
Magic:  10/10      EV:  2    Int: 14    God:    Gozag
Gold:   376        SH:  0    Dex: 22    Spells: 9/9 levels left

rFire    . . .     SeeInvis +   e - +0 dagger (drain)
rCold    . . .     Faith    .   (no shield)
rNeg     + + +     Spirit   .   (helmet currently unavailable)
rPois    +         Reflect  .   (no amulet)
rElec    .         Harm     .   i - ring of see invisible
rCorr    .         Rampage  .   l - +4 ring of evasion
Will     .....     NoTele   +   v - +6 ring of dexterity
Stlth    +++++.....             (no ring)
HPRegen  0.27/turn              (no ring)
MPRegen  0.12/turn              (no ring)
                                (no ring)
                                (no ring)

@: lethally poisoned (-1 -> -9), tree-form, gold aura
A: stationary, stasis, torment immunity, boosted hp, almost no armour,
(amphibious), 8 rings, (camouflage 1), (gelatinous body 1), (nimble swimmer 1),
(tentacles)
a: Renounce Religion, Potion Petition, Call Merchant, Bribe Branch


You were on level 7 of the Dungeon.
You worshipped Gozag.
Gozag was aware of your devotion.
You were a tree.
You visited 2 branches of the dungeon, and saw 8 of its levels.

You collected 514 gold pieces.
You spent 90 gold pieces at shops.
You paid 48 gold pieces to Gozag.

Inventory:

Hand Weapons
 a - a +2 dagger
 e - a +0 dagger of draining (weapon)
 o - a +1 dagger of holy wrath
 r - a +0 rapier
Missiles
 b - a poisoned dart (quivered)
 u - 9 boomerangs
Jewellery
 i - a ring of see invisible (left branch)
 l - a +4 ring of evasion (right branch)
 v - a +6 ring of dexterity (on tentacle)
Wands
 h - a wand of iceblast (13)
Scrolls
 d - a scroll of torment
 f - 2 scrolls of vulnerability
 k - 3 scrolls of teleportation
 m - a scroll of fear {unknown}
 n - 2 scrolls of silence
 p - a scroll of enchant armour
 q - 2 scrolls of immolation
 t - 3 scrolls of magic mapping
Potions
 c - a potion of haste
 j - 2 potions of attraction
 s - a potion of lignification


   Skills:
 + Level 6.2 Fighting
 + Level 10.5 Short Blades
 - Level 4.0 Throwing
 + Level 6.2 Dodging
 - Level 10.0 Stealth


You had 9 spell levels left.
You didn't know any spells.
Your spell library contained the following spells:

 Spells                   Type           Power      Damage    Failure   Level
 Animate Skeleton         Necr           0%         N/A       28%         1
 Pain                     Necr           0%         1d4       28%         1
 Gell's Gravitas          Tloc           0%         N/A       65%         3
 Ignite Poison            Fire/Tmut/Pois 0%         N/A       65%         3
 Lesser Beckoning         Tloc           0%         N/A       65%         3
 Mephitic Cloud           Conj/Pois/Air  0%         N/A       65%         3
 Teleport Other           Tloc           0%         N/A       65%         3
 Vampiric Draining        Necr           0%         2d6       65%         3
 Bolt of Magma            Conj/Fire/Erth 0%         4d4       100%        5


Dungeon Overview and Level Annotations

Branches:
Dungeon (7/15)             Temple (1/1) D:5

Altars:
Ashenzari
Dithmenos
Elyvilon
Fedhas
Gozag
Hepliaklqana
Kikubaaqudgha
Makhleb
Okawaru
Qazlal
Ru
Vehumet
Xom
Yredelemnul
Zin
The Shining One

Shops:
D:3 :!(


Innate Abilities, Weirdness & Mutations

You are a tree.
Your roots penetrate the ground, keeping you stationary.
You cannot be teleported.
You are immune to unholy pain and torment.
Your maximum health is greatly increased.
You cannot wear most types of armour.
((You are amphibious.))
You can wear up to eight rings at the same time.
((Your skin changes colour to match your surroundings (Stealth+).))
((Your rubbery body absorbs attacks. (AC +1, EV +1)))
((You are camouflaged near water. (Stealth+)))
((You have tentacles for arms and can constrict up to eight enemies at once.))


Message History

Your squeeze misses the killer bee.
The killer bee is heavily wounded.
You constrict the killer bee. x2; The killer bee misses you.
The killer bee stings you.
You hit the killer bee.
The killer bee is severely wounded.
You constrict the killer bee. x2; The killer bee misses you.
The killer bee struggles to escape constriction.
You barely miss the killer bee. Your squeeze misses the killer bee.
The killer bee is severely wounded.
You constrict the killer bee. x2; The killer bee stings you.
You are poisoned.
The killer bee poisons you! The killer bee misses you.
You hit the killer bee.
You kill the killer bee!
You constrict the killer bee.
You feel sick. The killer bee stings you.
* * * LOW HITPOINT WARNING * * *
You are more poisoned.
The killer bee poisons you!
You hit the killer bee but do no damage.
You drain the killer bee. You squeeze the killer bee.
The killer bee is almost dead.
You constrict the killer bee.
You feel sick. The killer bee barely misses you.
Okay, then.
You hit the killer bee but do no damage.
You drain the killer bee.
You kill the killer bee!
You feel sick. The killer bee stings you!
* * * LOW HITPOINT WARNING * * *
Okay, then.
Okay, then.
Okay, then.
It was a potion of lignification.
You turn into a tree.
Your roots penetrate the ground.
* * * LOW HITPOINT WARNING * * *
You feel sick. The killer bee stings you.
* * * LOW HITPOINT WARNING * * *
The killer bee stings you.
You die...
Your body crumbles into a pile of gold.

.... ... #.. ###############
###..#####.......#....#. .#
#.....#..#.......#...... .#
#.....#.)#.......#...... .#
+....$#..#.......#...... .+
#.....y♣.#.......#...... .#
#.....#$.'.......'......
.################'#.......###.##.
$..$................##'#....#####
....................#..#....#
.....$$$............#..#....#
.......$............#..#....#
........((..........#..#....#
....................#..+....#


You could see a killer bee.

Vanquished Creatures
  Pikel (D:4)
  An unseen horror (D:6)
  A hornet (D:6)
  Grinder (D:4)
  2 yaks
  A steam dragon (D:6)
  2 water moccasins
  2 black bears
  An orc warrior (D:6)
  An ice beast (D:6)
  A hornet zombie (D:6)
  3 necrophages
  6 ogres
  A centaur (D:4)
  2 phantoms
  A lemure (D:4)
  Blork the orc (D:4)
  A gnoll sergeant (D:6)
  A bullfrog (D:7)
  A water moccasin zombie (D:7)
  3 scorpions
  A water moccasin skeleton (D:5)
  5 killer bees (D:7)
  3 howler monkeys (D:7)
  3 hounds (D:6)
  A bullfrog skeleton (D:6)
  A gnoll shaman (D:4)
  3 jellies
  2 orc priests
  A centaur skeleton (D:5)
  Terence (D:3)
  3 iguanas
  2 orc wizards (D:6)
  A killer bee zombie (D:6)
  2 hound skeletons
  A howler monkey zombie (D:7)
  7 gnolls (D:5)
  11 adders
  2 shadow imps
  A white imp (D:7)
  An adder skeleton (D:4)
  3 worms
  A dart slug (D:2)
  18 orcs
  10 ball pythons
  4 bats
  7 endoplasms
  6 giant cockroaches
  8 hobgoblins
  4 jackals (D:4)
  5 kobolds
  4 quokkas
  3 frilled lizards
  13 goblins
  3 rats
175 creatures vanquished.

Notes
Turn   | Place    | Note
-------+----------+-------------------------------------------
     0 | D:1      | Delamore the Octopode Brigand began the quest for the Orb.
     0 | D:1      | Reached XP level 1. HP: 14/14 MP: 1/1
   176 | D:1      | Reached XP level 2. HP: 16/19 MP: 2/2
   509 | D:1      | Reached XP level 3. HP: 24/24 MP: 3/3
  1922 | D:3      | Reached XP level 4. HP: 29/29 MP: 4/4
  1951 | D:3      | Noticed Terence
  2240 | D:3      | Found Enamam's Book Boutique.
  2243 | D:3      | Killed Terence
  2348 | D:3      | Found Irghiuc Eghi's Distillery.
  2364 | D:3      | Bought a potion of curing for 30 gold pieces
  2364 | D:3      | Bought a potion of heal wounds for 50 gold pieces
  2364 | D:3      | Bought a potion of degeneration for 10 gold pieces
  2381 | D:3      | Found Ampu's Weapon Emporium.
  2872 | D:4      | Noticed a scorpion
  2880 | D:4      | Killed a scorpion
  2881 | D:4      | Reached XP level 5. HP: 34/34 MP: 5/5
  2887 | D:4      | Noticed a centaur
  2896 | D:4      | Killed a centaur
  2897 | D:4      | Reached skill level 5 in Short Blades
  2897 | D:4      | Reached XP level 6. HP: 18/39 MP: 6/6
  3376 | D:4      | Noticed Pikel
  3412 | D:4      | Killed Pikel
  3413 | D:4      | Reached XP level 7. HP: 29/45 MP: 7/7
  3719 | D:4      | Noticed Blork the orc
  3742 | D:4      | Killed Blork the orc
  3743 | D:4      | Reached XP level 8. HP: 30/50 MP: 8/8
  4030 | D:4      | Noticed Grinder
  4328 | D:4      | Paralysed by Grinder for 7 turns
  4596 | D:4      | Paralysed by Grinder for 3 turns
  4602 | D:4      | Killed Grinder
  4603 | D:4      | Reached skill level 10 in Stealth
  5002 | D:5      | Entered Level 5 of the Dungeon
  5320 | D:5      | Reached XP level 9. HP: 26/54 MP: 9/9
  5622 | D:5      | Reached skill level 10 in Short Blades
  5966 | D:5      | Found a staircase to the Ecumenical Temple.
  5975 | Temple   | Entered the Ecumenical Temple
  6021 | Temple   | Became a worshipper of Gozag Ym Sagoz the Greedy
  7476 | D:6      | Reached skill level 5 in Fighting
  7482 | D:6      | Reached XP level 10. HP: 15/66 MP: 10/10
  7832 | D:6      | Reached skill level 5 in Dodging
  7892 | D:6      | Noticed an unseen horror
  7933 | D:6      | Killed an unseen horror
  9292 | D:7      | HP: 4/102 [killer bee (2)]
  9292 | D:7      | Slain by a killer bee

Illustrated notes

Levels and vault maps discovered:
D:1:      dpeg_arrival_arbitrary_a, layout_basic
D:2:      layout_basic, hex_intersection
D:3:      layout_basic, serial_shops, nicolae_square_shop, nicolae_shop_trees,
          shop, uniq_terence
D:4:      minmay_bubble_buster, layout_rooms, kennysheep_generic_room_14,
          uniq_grinder, uniq_blork_the_orc, uniq_pikel
D:5:      layout_rooms, minmay_temple_entry_trees
D:6:      wad_guarded_room, layout_cave_pods, minmay_misc_feat_alley
D:7:      layout_gridville
Temple:   compressed_dpeg_circular_temple

Skill      XL: |  1  2  3  4  5  6  7  8  9 10 |
---------------+-------------------------------+-----
Short Blades   | 3 4 5 7 9 10 | 10.5
Stealth        | 6 7 8 9 10 | 10.0
Dodging        | 4 6 |  6.2
Fighting       | 5 6 |  6.2
Throwing       | 4 |  4.0

Action                   |  1- 3 |  4- 6 |  7- 9 | 10-12 || total
-------------------------+-------+-------+-------+-------++-------
Melee: Dagger            |    73 |    86 |   323 |   138 ||   620
       Constrict         |    15 |    14 |    39 |    27 ||    95
       Tentacles         |     9 |    22 |    80 |    39 ||   150
Throw: Dart              |       |    29 |    30 |     6 ||    65
Evoke: Wand              |       |       |     1 |     3 ||     4
  Use: Scroll            |     3 |     1 |     5 |     1 ||    10
       Potion            |       |       |     6 |     3 ||     9
 Stab: Sleeping          |    15 |     1 |    11 |     1 ||    28
       Distracted        |     1 |       |       |       ||     1
Armor: Skin              |     1 |     4 |     8 |     1 ||    14
Dodge: Dodged            |    27 |    56 |   136 |    88 ||   307
